 Dungeon Crawl Stone Soup version 0.27.1 (webtiles) character file.

Game seed: 983639139025426775

1421 nxtlvl the Cleaver (level 8, -5/70 HPs)
             Began as a Green Draconian Berserker on Aug 23, 2021.
             Was an Elder of Trog.
             Killed from afar by an electric eel (13 damage)
             ... with a bolt of electricity
             ... on level 8 of the Dungeon.
             The game lasted 00:13:06 (1503 turns).

nxtlvl the Cleaver (Green Draconian Berserker)      Turns: 1503, Time: 00:13:07

Health: -5/70      AC:  6    Str: 19    XL:     8   Next: 44%
Magic:  8/8        EV: 14    Int:  7    God:    Trog [****..]
Gold:   126        SH:  0    Dex: 14    Spells: 7/7 levels left

rFire    . . .     SeeInvis .   a - +1 battleaxe
rCold    . . .     Faith    .   (shield currently unavailable)
rNeg     . . .     Spirit   .   (armour unavailable)
rPois    +         Reflect  .   (helmet restricted)
rElec    .         Harm     .   (no cloak)
rCorr    .         Rampage  .   (no gloves)
Will     .....                  (no boots)
Stlth    +.........             (no amulet)
HPRegen  0.21/turn              (no ring)
MPRegen  0.11/turn              (no ring)

@: no status effects
A: breathe noxious fumes, AC +6, unfitting armour, poison resistance,
cold-blooded
a: Breathe Noxious Fumes, Renounce Religion, Berserk, Trog's Hand, Brothers in
Arms


You were on level 8 of the Dungeon.
You worshipped Trog.
Trog was greatly pleased with you.
You visited 1 branch of the dungeon, and saw 9 of its levels.
You also visited: Ossuary.

You collected 126 gold pieces.

Inventory:

Hand Weapons
 a - a +1 battleaxe (weapon)
 b - the +10 hunting sling of Transparent Defiance {venom, +Blink Will+}
   (You found it on level 4 of the Dungeon)

   Any ammunition fired from it poisons the flesh of those it strikes.
   +Blink:    It lets you blink.
   Will:      It increases your willpower.
Missiles
 f - 58 arrows
 h - 12 poisoned darts (quivered)
 j - 12 bolts
 q - 16 sling bullets
Wands
 e - a wand of flame (11)
 u - a wand of polymorph (6)
Scrolls
 c - a scroll of teleportation {unknown}
 d - 4 scrolls of identify {unknown}
 g - 2 scrolls of enchant weapon {unknown}
 i - a scroll of immolation {unknown}
 k - a scroll of vulnerability {unknown}
 o - 2 scrolls of fear {unknown}
Potions
 l - 2 potions of lignification {unknown}
 m - 2 potions of might {unknown}
 n - a potion of brilliance {unknown}
 p - 2 potions of curing {unknown}
 r - 2 potions of heal wounds {unknown}
 s - a potion of invisibility {unknown}
 t - a potion of flight {unknown}


   Skills:
 + Level 5.7 Fighting
 * Level 9.1 Axes
 + Level 4.7 Dodging


You had 7 spell levels left.
You didn't know any spells.
Your spell library was empty.

Dungeon Overview and Level Annotations

Branches:
Dungeon (9/15)             Temple (0/1) D:5         Ossuary (visited)
   Lair: D:8-11         Orc: D:9-12

Altars:
Cheibriados
Vehumet


Innate Abilities, Weirdness & Mutations

You can breathe blasts of noxious fumes.
Your lurid green scales are hard. (AC +6)
You cannot fit into any form of body armour.
Your system is resistant to poisons. (rPois)
You are cold-blooded and may be slowed by cold attacks.


Message History

A nearby plant withers and dies.
The wight hits you with a +0 dagger.
* * * LOW HITPOINT WARNING * * *
Things that are here:
a +3 short sword; a +0 robe You closely miss the wight.
You tail-slap the wight.
The wight is moderately damaged.
The wight closely misses you.
You slice the wight!!
You destroy the wight!
Trog accepts your kill.
You hear a splash. x2
Your life force feels restored.
You enter the shallow water.
Moving in this stuff is going to be slow.
Things that are here:
a +0 dagger; a +0 robe You feel a strong urge to attack something.
You are no longer berserk.
You are exhausted.
You feel yourself slow down.
Things that are here:
a +3 short sword; a +0 robe You enter the shallow water.
Moving in this stuff is going to be slow.
You feel yourself speed up.
You recover from your berserk rage.
You enter the shallow water.
Moving in this stuff is going to be slow.
An electric eel and a wight come into view.
The electric eel shoots out a bolt of lightning at you!
The bolt of electricity hits the plant!
The plant begins to die.
The bolt of electricity hits you!
* * * LOW HITPOINT WARNING * * *
The electric eel shoots out a bolt of lightning at you!
The bolt of electricity hits the plant! x2; The plant begins to die.
The bolt of electricity hits you!
* * * LOW HITPOINT WARNING * * *
The electric eel shoots out a bolt of lightning at you!
The bolt of electricity hits you!
You die...

##♣♣♣♣♣≈## #≈≈≈P♣≈≈P##
#≈P≈≈≈P≈P≈♣♣
#≈PPP≈P≈≈≈≈≈P
#♣≈≈≈≈P≈≈≈≈≈≈≈
####♣≈≈PP≈≈≈;≈P≈≈≈
##...≈.≈≈.≈♣≈≈≈PP≈≈
#.....))....≈..≈P≈≈
##))...@......$.....
#..#≈≈≈P...≈........
#.##♣♣♣P≈≈≈≈≈z.≈≈...
#.# #≈♣≈≈≈≈≈≈≈≈P♣..
#.# ##≈♣≈≈≈≈P≈≈♣<..
###.######♣♣♣♣♣♣♣♣....
########......)...
....
.........######... ...
########## .


You could see an electric eel and a wight.

Vanquished Creatures
  Menkaure (Ossuary)
  An ice beast (D:8)
  An orc warrior (D:7)
  A black bear (D:8)
  2 necrophages
  A phantom (D:5)
  A kobold brigand (D:8)
  2 scorpions
  A wyvern skeleton (D:7)
  8 wights (D:8)
  A centaur skeleton (D:7)
  Terence (D:2)
  A killer bee zombie (D:7)
  3 mummies (Ossuary)
  4 gnolls (D:2)
  7 orcs
  An endoplasm (D:1)
  2 goblins
  2 hobgoblins
  3 jackals (D:2)
  6 kobolds
  A bat (D:1)
  6 gnoll skeletons (Ossuary)
  A gnoll zombie (Ossuary)
  4 goblin skeletons (Ossuary)
  3 goblin zombies (Ossuary)
  5 hobgoblin skeletons (Ossuary)
  3 hobgoblin zombies (Ossuary)
  2 kobold skeletons (Ossuary)
  8 kobold zombies (Ossuary)
  2 orc skeletons (Ossuary)
  5 orc zombies (Ossuary)
  6 rat skeletons (Ossuary)
  5 rat zombies (Ossuary)
101 creatures vanquished.

Vanquished Creatures (others)
  6 plants
6 creatures vanquished.

Grand Total: 107 creatures vanquished

Notes
Turn   | Place    | Note
-------+----------+-------------------------------------------
     0 | D:1      | nxtlvl the Draconian Berserker began the quest for the Orb.
     0 | D:1      | Reached XP level 1. HP: 19/19 MP: 1/1
    50 | D:2      | Reached XP level 2. HP: 26/26 MP: 2/2
    51 | D:2      | Reached skill level 4 in Axes
    52 | D:2      | Reached XP level 3. HP: 31/31 MP: 3/3
    73 | D:2      | Noticed Terence
   121 | D:2      | Killed Terence
   122 | D:2      | Reached skill level 5 in Axes
   122 | D:2      | Reached XP level 4. HP: 38/38 MP: 4/4
   142 | D:1      | Found a faded altar of an unknown god.
   423 | D:4      | Identified the +10 hunting sling of Transparent Defiance
                  | {venom, +Blink Will+}
   459 | D:5      | Entered Level 5 of the Dungeon
   460 | D:5      | Found a staircase to the Ecumenical Temple.
   461 | D:5      | Noticed a phantom
   462 | D:5      | Noticed a necrophage
   472 | D:5      | Killed a phantom
   473 | D:5      | Reached XP level 5. HP: 45/45 MP: 5/5
   477 | D:5      | Killed a necrophage
   478 | D:5      | Reached skill level 6 in Axes
   501 | D:5      | Found a snail-covered altar of Cheibriados.
   547 | D:6      | Reached XP level 6. HP: 51/51 MP: 6/6
   563 | D:7      | Found a radiant altar of Vehumet.
   597 | D:7      | Noticed an orc warrior
   662 | D:7      | Reached skill level 7 in Axes
   687 | D:7      | Reached ** piety under Trog
   697 | D:8      | Noticed an ice beast
   705 | D:8      | Killed an ice beast
   718 | D:8      | Noticed an orc warrior
   758 | D:8      | Your scales start taking on a lurid green colour.
   758 | D:8      | Reached XP level 7. HP: 59/59 MP: 7/7
   758 | D:8      | Gained mutation: Your system is resistant to poisons.
                  | (rPois) [Green Draconian growth]
   792 | D:8      | Found a sand-covered staircase.
   817 | D:8      | Reached skill level 8 in Axes
   884 | Ossuary  | Entered an ossuary
   996 | Ossuary  | Reached *** piety under Trog
  1144 | Ossuary  | Noticed Menkaure
  1164 | Ossuary  | Killed Menkaure
  1165 | Ossuary  | Reached skill level 5 in Fighting
  1165 | Ossuary  | Reached XP level 8. HP: 52/68 MP: 8/8
  1383 | D:8      | Reached **** piety under Trog
  1387 | D:8      | Reached skill level 9 in Axes
  1503 | D:8      | Killed from afar by an electric eel

Illustrated notes

Levels and vault maps discovered:
D:1:      roderic_octagonal_star, layout_basic, ebering_ecumenical_altar_ruins
D:2:      layout_rooms, serial_shops, shop, uniq_terence
D:3:      layout_rooms, mainiacjoe_overflow_catwalk
D:4:      layout_basic
D:5:      layout_basic, slow_altar_2, nicolae_hepliaklqana_monster_ancestors,
          minmay_temple_entry_waves, uniq_ijyb
D:6:      layout_rooms
D:7:      nzn_winding_woodlands_large [nzn_winding_woodlands_5x5_closed_star,
          nzn_winding_woodlands_5x15_pool, nzn_winding_woodlands_5x5_open_star,
          nzn_winding_woodlands_center_triple_pond,
          nzn_winding_woodlands_15x15_killbox,
          nzn_winding_woodlands_center_lodge,
          nzn_winding_woodlands_5x5_perimeter,
          nzn_winding_woodlands_5x15_pathside_ponds,
          nzn_winding_woodlands_5x5_three], layout_basic, lemuel_round_altar,
          lemuel_doored_altar, nicolae_underground_beach
D:8:      layout_rooms, nicolae_ossuary_entry_ruins, serial_bayou_ford_a,
          uniq_erica
D:9:      layout_long_grid, nicolae_ashenzari_skybound,
          due_lair_maze_entry_diamond, erik_orc_2

Skill      XL: |  1  2  3  4  5  6  7  8 |
---------------+-------------------------+-----
Axes           | 4 5 6 7 8 9 |  9.1
Dodging        | 3 4 |  4.7
Fighting       | 4 5 |  5.7

Action                   |  1- 3 |  4- 6 |  7- 9 || total
-------------------------+-------+-------+-------++-------
Melee: Hand axe          |    33 |    67 |     7 ||   107
       Tailslap          |     3 |    12 |    14 ||    29
       Battleaxe         |       |       |   130 ||   130
 Fire: Hunting sling     |       |     1 |    10 ||    11
Throw: Dart              |       |     8 |       ||     8
Invok: Berserk           |     2 |     4 |     5 ||    11
Evoke: Wand              |       |     2 |       ||     2
Armor: Skin              |     4 |    17 |    23 ||    44
Dodge: Dodged            |    10 |    37 |    74 ||   121
